 Dungeon Crawl Stone Soup version 0.31-a0-507-gbafd7f5274 (webtiles) character file.

Game seed: 5878577195906587682

1008 horus123 the Conjurer (level 8, -1/57 HPs)
             Began as a Black Draconian Earth Elementalist on Aug 9, 2023.
             Was a Follower of Vehumet.
             Slain by an ice beast (11 damage)
             ... on level 5 of the Dungeon.
             The game lasted 00:11:36 (4954 turns).

horus123 the Conjurer (DrEE)                        Turns: 4954, Time: 00:11:36

Health: -1/57      AC:  6    Str: 11    XL:     8   Next: 1%
Magic:  12/15      EV: 12    Int: 17    God:    Vehumet [*.....]
Gold:   205        SH:  0    Dex: 12    Spells: 12/17 levels left

rFire   . . .        g - staff of earth
rCold   . . .        (no shield)
rNeg    . . .        (body armour unavailable)
rPois   .            (helmet restricted)
rElec   +            (no cloak)
rCorr   .            (no gloves)
SInv    .            (no boots)
Will    .....        x - amulet "Oreedeimm" {Faith Rampage Stlth+}
Stlth   +++          p - ring of wizardry
HPRegen 0.29/turn    (no ring)
MPRegen 0.14/turn

%: rampage, faith, wizardry (x1)
@: no status effects
A: breathe lightning, AC +6, unfitting armour, electricity resistance,
cold-blooded
a: Breathe Lightning, Renounce Religion


You were on level 5 of the Dungeon.
You worshipped Vehumet.
Vehumet was aware of your devotion.
You visited 2 branches of the dungeon, and saw 7 of its levels.
You also visited: Sewer.

You collected 205 gold pieces.

Inventory:

Hand Weapons
 e - a +0 spear
Missiles
 n - 5 javelins
Magical Staves
 g - a staff of earth (weapon)
 q - a staff of air
Jewellery
 p - a ring of wizardry (left hand)
 u - a ring of protection from cold
 x - the amulet "Oreedeimm" (around neck) {Faith Rampage Stlth+}
   (You found it on level 5 of the Dungeon)

   [amulet of faith]

   Faith:     It allows you to gain divine favour quickly.
   Rampage:   It bestows one free step when moving towards enemies.
   Stlth+:    It makes you more stealthy.
Wands
 j - a wand of polymorph (8)
Scrolls
 i - 3 scrolls of teleportation
 k - a scroll of fear {unknown}
 m - a scroll of identify {unknown}
 o - a scroll of poison {unknown}
 r - a scroll of noise {unknown}
 t - a scroll of enchant armour {unknown}
 v - a scroll of enchant weapon {unknown}
Potions
 c - 2 potions of haste {unknown}
 d - a potion of ambrosia {unknown}
 f - 3 potions of curing {unknown}
 h - 2 potions of mutation {unknown}
 l - a potion of attraction {unknown}
 s - 5 potions of heal wounds {unknown}
 w - a potion of cancellation {unknown}


   Skills:
 - Level 1.7 Dodging
 - Level 1.7 Stealth
 - Level 5.0 Spellcasting
 - Level 6.0 Conjurations
 - Level 1.0 Transmutations
 + Level 2.6 Air Magic
 - Level 4.1 Earth Magic


You had 12 spell levels left.
You knew the following spells:

 Your Spells              Type           Power      Damage    Failure   Level
a - Sandblast             Erth           54%        2d13      1%          1
b - Stone Arrow           Conj/Erth      64%        3d11      2%          3
c - Magic Dart            Conj           96%        1d7       1%          1

Your spell library contained the following spells:

 Spells                   Type           Power      Damage    Failure   Level
 Freeze                   Ice            16%        1d4       6%          1
 Passwall                 Tmut/Erth      15%        N/A       3%          2
 Mephitic Cloud           Conj/Pois/Air  14%        N/A       5%          3
 Call Imp                 Summ           8%         N/A       9%          2
 Vhi's Electric Charge    Tloc/Air       16%        N/A       10%         3
 Ozocubu's Armour         Ice            4%         N/A       16%         3
 Petrify                  Tmut/Erth      19%        N/A       21%         4
 Silence                  Hex/Air        4%         N/A       63%         5
 Plasma Beam              Fire/Air       4%         2x1d14    99%         6
 Ozocubu's Refrigeration  Ice            2%         4d7       100%        7
 Lehudib's Crystal Spear  Conj/Erth      16%        10d5      100%        8
 Animate Armour           Summ/Erth      Unusable   N/A       N/A         4

Dungeon Overview and Level Annotations

Branches:
Dungeon (6/15)             Temple (1/1) D:4           Sewer (visited)

Altars:
Cheibriados
Dithmenos
Fedhas
Gozag
Hepliaklqana
Makhleb
Nemelex Xobeh
Okawaru
Qazlal
Ru
Sif Muna
Vehumet
Wu Jian
Yredelemnul
Zin
The Shining One


Innate Abilities, Weirdness & Mutations

You can breathe wild blasts of lightning.
Your glossy black scales are hard. (AC +6)
You cannot fit into any form of body armour.
You are resistant to electric shocks. (rElec)
You are cold-blooded and may be slowed by cold attacks.


Message History

You kill the bullfrog!
Vehumet accepts your kill.
A two-headed ogre comes into view.
It is wielding a +0 giant spiked club and a +0 giant club.
Your Air Magic skill increases to level 2!
You have reached level 8!
You feel agile.
The sentinel's mark upon you fades away.
There is a stone staircase leading up, spattered with blood here.
You climb upwards.
There is a stone staircase leading down here.
You start resting.
HP restored.
You start resting.
Magic restored.
You climb downwards.
The ice beast hits you but does no damage.
The two-headed ogre closely misses you.
The two-headed ogre hits you with a +0 giant club.
The orc misses you. The orc closely misses you. The ice beast hits you.
The ice beast freezes you!
There is a stone staircase leading up, spattered with blood here.
The two-headed ogre hits you with a +0 giant spiked club!
The two-headed ogre hits you with a +0 giant club!
The ice beast hits you. The ice beast freezes you.
* * * LOW HITPOINT WARNING * * *
The orc barely misses you.
You climb upwards.
There is a stone staircase leading down here.
Casting: Sandblast (safe; 1% risk of failure)
Confirm with . or Enter, or press ? or * to list all spells.
Aiming: Stone Arrow (dangerous; 2% risk of failure)
Press: ? - help, Shift-Dir - straight line, f - two-headed ogre
Aim: a two-headed ogre, wielding a +0 giant spiked club and a +0 giant club (88% to hit)
You feel a surge of power!
The stone arrow hits the two-headed ogre!!
The two-headed ogre is moderately wounded.
The orc hits you but does no damage. The ice beast hits you.
* * * LOW HITPOINT WARNING * * *
The ice beast freezes you!
You die...

#########
.......§#
§≈§≈§§§§#
......≈.#
#####.≈.# ##
#.....§.# #.
#._.#§≈.##
###### #.
....#.≈§.#
#....###########
#. #####.≈..#
#..o@Y....)....#
#. §.....≈..#
#..O.###.......#
#. §§≈≈≈≈...#
#.#### #.......#
## .§.......#
#.# #.......# #
####.###.# #.#
##.###### #
####.# #.# #.#
#.# # ...#.#
#.####.# #.#
.#.#.# #.>.)..#
#.# ##
.....####..####
#.# #.


You could see a two-headed ogre, an ice beast and an orc.

Vanquished Creatures
  Eustachio (D:4)
  A water moccasin (D:5)
  Pargi (Sewer)
  An ice beast (D:6)
  An ogre (D:6)
  A bullfrog (D:6)
  A scorpion (D:6)
  3 hounds
  A sleepcap (D:4)
  2 iguanas
  A river rat (D:4)
  6 adders
  3 gnolls (D:6)
  A white imp (D:6)
  An ufetubus (D:6)
  2 worms (D:3)
  9 orcs (D:5)
  12 ball pythons
  2 endoplasms (D:1)
  11 giant cockroaches
  2 goblins
  5 hobgoblins
  4 jackals (D:1)
  5 kobolds
  3 quokkas
  A bat (D:1)
  5 frilled lizards
  5 rats
91 creatures vanquished.

Notes
Turn   | Place    | Note
-------+----------+-------------------------------------------
     0 | D:1      | horus123 the Draconian Earth Elementalist began the quest
                  | for the Orb.
     0 | D:1      | Reached XP level 1. HP: 14/14 MP: 3/3
   375 | D:1      | Reached XP level 2. HP: 16/20 MP: 1/5
   542 | D:1      | Found a faded altar of an unknown god.
  1350 | D:2      | Found a glowing golden altar of the Shining One.
  1423 | D:2      | Reached XP level 3. HP: 19/26 MP: 1/8
  1607 | D:2      | Reached XP level 4. HP: 33/33 MP: 8/10
  2096 | D:3      | Identified the +0 leather armour of Youthful Indiscretion
                  | {Stlth+}
  2604 | D:4      | Learned a level 3 spell: Stone Arrow
  2638 | D:4      | Noticed Eustachio
  2647 | D:4      | Killed Eustachio
  2648 | D:4      | Reached skill level 5 in Spellcasting
  2648 | D:4      | Reached XP level 5. HP: 38/38 MP: 4/12
  2648 | D:4      | Reached XP level 6. HP: 45/45 MP: 4/13
  2733 | D:4      | Found a staircase to the Ecumenical Temple.
  2740 | Temple   | Entered the Ecumenical Temple
  2779 | Temple   | Became a worshipper of Vehumet
  2995 | D:4      | Found a glowing drain.
  3008 | D:4      | Reached skill level 5 in Earth Magic
  3041 | Sewer    | Entered a sewer
  3144 | Sewer    | Reached * piety under Vehumet
  3144 | Sewer    | Offered knowledge of Freeze by Vehumet.
  3190 | Sewer    | Noticed Pargi
  3194 | Sewer    | Killed Pargi
  3195 | Sewer    | Reached skill level 2 in Conjurations
  3295 | Sewer    | Learned a level 1 spell: Magic Dart
  3699 | D:4      | Found a sparkling altar of Nemelex Xobeh.
  3838 | D:5      | Entered Level 5 of the Dungeon
  3888 | D:5      | Identified the amulet "Oreedeimm" {Faith Rampage Stlth+}
  4001 | D:5      | Got the Atlas of Electrocution
  4057 | D:5      | Noticed a water moccasin
  4072 | D:5      | Killed a water moccasin
  4073 | D:5      | Reached skill level 3 in Conjurations
  4073 | D:5      | Your scales start taking on a glossy black colour.
  4073 | D:5      | Reached XP level 7. HP: 25/50 MP: 5/14
  4073 | D:5      | Gained mutation: You are resistant to electric shocks.
                  | (rElec) [Black Draconian growth]
  4301 | D:5      | Reached skill level 4 in Conjurations
  4644 | D:5      | Found a shimmering blue altar of Sif Muna.
  4843 | D:6      | Reached skill level 5 in Conjurations
  4853 | D:6      | Reached skill level 6 in Conjurations
  4853 | D:6      | Reached skill level 1 in Air Magic
  4854 | D:6      | Noticed a two-headed ogre
  4855 | D:6      | Reached XP level 8. HP: 48/57 MP: 1/15
  4954 | D:5      | Slain by an ice beast

Illustrated notes

Levels and vault maps discovered:
D:1:      tarquinn_simple_flora_water_f, layout_basic,
          shapermc_ecumenical_altar_gd
D:2:      layout_basic, basic_altar, hangedman_decor_push
D:3:      layout_loops_ring
D:4:      layout_loops_ring, marbit_many_paths, minmay_temple_entry_arrows,
          portal_sewer_entry_c, kennysheep_flooded_box, uniq_eustachio
D:5:      layout_basic, mainiacjoe_overflow_brackets,
          nicolae_twisty_statue_hallways
D:6:      black_bear_nest_1, layout_cave_pools, kiku_gazebo_garden_becter,
          chequers_serial_rivers_small_a, minmay_joined_circles
Temple:   minmay_temple_curvy_branch

Skill      XL: |  1  2  3  4  5  6  7 |
---------------+----------------------+-----
Spellcasting   | 3 4 5 |  5.0
Earth Magic    | 4 4 |  4.1
Conjurations   | 3 6 |  6.0
Air Magic      | 2 |  2.6
Dodging        | |  1.7
Stealth        | |  1.7
Transmutations | |  1.0

Action                     |  1- 3 |  4- 6 |  7- 9 || total
---------------------------+-------+-------+-------++-------
  Melee: Spear             |    20 |       |       ||    20
         Tailslap          |     3 |       |       ||     3
         Unarmed           |     1 |       |       ||     1
         Staff             |     1 |       |       ||     1
   Cast: Sandblast         |    37 |    72 |    31 ||   140
         Stone Arrow       |       |    11 |     3 ||    14
Ability: Breathe Lightning |       |       |     1 ||     1
    Use: Scroll            |       |     2 |     1 ||     3
         Potion            |       |     1 |       ||     1
 Armour: Skin              |    14 |    11 |     8 ||    33
  Dodge: Dodged            |    29 |    26 |    31 ||    86

Table legend: (Time is in decaauts)
 A = Elapsed time spent in this place.
 B = Non-inter-level travel time spent in this place.
 C = Inter-level travel time spent in this place.
 D = Time resting spent in this place.
 E = Time spent auto-exploring this place.
 F = Levels seen in this place.
 G = Mean time per level.
                   A        B        C        D        E       F      G
               +--------+--------+--------+--------+--------+-----+--------+
         Total |   5063 |   4908 |    155 |    347 |   3842 |   8 |  632.9 |
       Dungeon |   4648 |   4515 |    133 |    289 |   3622 |   6 |  774.7 |
        Temple |     61 |     39 |     22 |      0 |      0 |   1 |   61.0 |
         Sewer |    353 |    353 |      0 |     58 |    220 |   1 |  353.0 |
               +--------+--------+--------+--------+--------+-----+--------+

Top non-repeatable levels by time:
     D:1: 1238 daAuts
     D:5: 981 daAuts
     D:4: 881 daAuts
     D:3: 719 daAuts
     D:2: 673 daAuts
   Sewer: 353 daAuts
     D:6: 154 daAuts
  Temple: 61 daAuts
